 Dungeon Crawl Stone Soup version 0.30-a0-1157-g2cc9ac7196 (webtiles) character file.

Game seed: 3758757828195679283

312 Sobieck the Ruffian (level 6, -1/51 HPs)
             Began as a Draconian Transmuter on Apr 24, 2023.
             Slain by Pikel
             ... wielding a +2 whip of flaming
              (6 damage)
             ... on level 4 of the Dungeon.
             The game lasted 00:06:21 (3498 turns).

Sobieck the Ruffian (Draconian Transmuter)          Turns: 3498, Time: 00:06:22

Health: -1/51      AC:  9    Str: 15    XL:     6   Next: 18%
Magic:  10/10      EV: 12    Int: 13    God:
Gold:   248        SH:  0    Dex: 11    Spells: 8/11 levels left

rFire   . .          .
                       - Unarmed
rCold   . . .        (no shield)
rNeg    + . .        (body armour unavailable)
rPois   .            (helmet currently unavailable)
rElec   .            j - +0 cloak
rCorr   .            l - +1 pair of gloves
SInv    .            (boots currently unavailable)
Will    +....        (no amulet)
Stlth   +            g - ring of willpower
HPRegen 0.28/turn    n - ring of positive energy
MPRegen 0.12/turn

%: no passive effects
@: appendages (expiring)
A: horns 2, talons 2, AC +6, unfitting armour, cold-blooded
a: End Transformation


You were on level 4 of the Dungeon.
You had temporarily grown beastly horns and talons.
You visited 2 branches of the dungeon, and saw 5 of its levels.

You collected 248 gold pieces.


Innate Abilities, Weirdness & Mutations

You have temporarily grown beastly horns and talons.
Your plain brown scales are hard. (AC +6)
You cannot fit into any form of body armour.
You are cold-blooded and may be slowed by cold attacks.


   Skills:
 + Level 3.1 Fighting
 - Level 1.7 Dodging
 * Level 4.9 Unarmed Combat
 + Level 3.2 Spellcasting
 + Level 3.4 Transmutations


You had 8 spell levels left.
You knew the following spells:

 Your Spells              Type           Power      Damage    Failure   Level
a - Beastly Appendage     Tmut           20%        N/A       5%          1
b - Wereblood             Tmut           10%        N/A       9%          2

Your spell library contained the following spells:

 Spells                   Type           Power      Damage    Failure   Level
 Spider Form              Tmut/Pois      6%         N/A       32%         3
 Ice Form                 Ice/Tmut       6%         N/A       73%         4

Inventory:

Missiles
 d - 34 stones {throwing}
 m - 13 poisoned darts {throwing}
 p - 12 boomerangs {throwing}
Armour
 j - a +0 cloak (worn)
   (You found it on level 2 of the Dungeon)
 l - a +1 pair of gloves (worn)
   (You found it on level 2 of the Dungeon)
Jewellery
 g - a ring of willpower (left hand)
   (You found it on level 1 of the Dungeon)
 n - a ring of positive energy (right hand)
   (You found it on level 2 of the Dungeon)
 v - a ring of resist corrosion
   (You found it on level 4 of the Dungeon)
Scrolls
 b - 2 scrolls of teleportation {unknown}
 h - 4 scrolls of identify {unknown}
 i - a scroll of torment {unknown}
 o - 4 scrolls of fear {unknown}
 q - 2 scrolls of enchant armour {unknown}
 t - a scroll of fog {unknown}
Potions
 a - a potion of lignification {!q}
 c - 2 potions of curing {unknown}
 e - a potion of berserk rage {unknown}
 f - a potion of invisibility {unknown}
 k - a potion of resistance {unknown}
 r - a potion of degeneration {unknown}
 s - a potion of ambrosia {unknown}
 u - 2 potions of brilliance {unknown}

Dungeon Overview and Level Annotations

Branches:
Dungeon (4/15) Zot: 20599  Temple (1/1) D:4 Zot: 5904

Altars:
Cheibriados
Elyvilon
Gozag
Hepliaklqana
Kikubaaqudgha
Makhleb
Qazlal
Ru
Sif Muna
Vehumet
Xom
Yredelemnul
Zin

Annotations:
D:4 Pikel, Sigmund

######## ## #......# #.
#.####.# #.
#.####.#######.
#.##.......##.# ####.#
#.##.#.###.##.###$....#
#.##.#.# #.....@K5#
##......# #####5####
......### ##.#
.##.....# #>. .##.###.#
### .##.# #.# .##.###.#
.##.....# ......### ...


You could see Pikel and 2 lemures.


Message History

Unknown command.
Unknown command.
Danger!
Unknown command.
Your transformation is almost over.
Unknown command.
You punch the black bear! You claw the black bear.
You punch the black bear, but do no damage.
The black bear bites you. The black bear claws you.
The black bear claws you but does no damage.
You closely miss the black bear. The black bear closely misses you. x2
The black bear claws you but does no damage.
Unknown command.
You hit the black bear. The black bear barely misses you.
The black bear claws you.
The black bear claws you but does no damage.
You hit the black bear.
You claw the black bear, but do no damage.
The black bear bites you but does no damage.
The black bear claws you but does no damage.
The black bear misses you.
You hit the black bear.
The black bear goes berserk!
You hit the black bear.
You kill the black bear!
Your Fighting skill increases to level 3!
You have reached level 6!
Your scales feel tougher.
You start resting.
Your horns disappear.
Your talons disappear.
Unknown command.
You grow a pair of large bovine horns.
Your feet morph into talons.
Unknown command.
You see here a black bear corpse.
Your transformation is almost over.
Found a stone staircase leading down.
No target in view!
Unknown command.
Your horns disappear.
Your talons disappear.
You now have 248 gold pieces (gained 14).
Found a stone staircase leading down.
Unknown command.
Pikel, Merchant of Souls comes into view.
He is wielding a +2 whip of flaming.
Danger!
Pikel shouts!
You hear a shout! x2
You grow a pair of large bovine horns.
Your feet morph into talons.
You hear a shout!
Unknown command.
A lemure comes into view.
Unknown command.
The lemure shouts!
Unknown command.
Unknown command.
You hit Pikel. Your kick misses Pikel.
Pikel hits you with a +2 whip of flaming!
Pikel burns you.
You hit Pikel.
Unknown command.
You hit Pikel but do no damage. You claw Pikel, but do no damage.
Pikel hits you with a +2 whip of flaming.
Pikel burns you.
You hit Pikel. You claw Pikel.
A lemure comes into view.
Pikel hits you but does no damage.
Unknown command.
You closely miss Pikel. Your kick misses Pikel. The lemure hits you.
Pikel barely misses you.
You hit Pikel.
Your transformation is almost over.
The lemure barely misses you. Pikel hits you but does no damage.
You hit Pikel but do no damage. Your headbutt misses Pikel.
Your punch misses Pikel. The lemure barely misses you.
Pikel hits you with a +2 whip of flaming!
Pikel burns you.
Unknown command.
You closely miss Pikel. You headbutt Pikel. The lemure barely misses you.
Pikel says, "You'll feel the lick of my whip!"
Pikel hits you with a +2 whip of flaming.
Pikel burns you.
* * * LOW HITPOINT WARNING * * *
Unknown command.
You hit Pikel but do no damage. You claw Pikel, but do no damage.
Your headbutt misses Pikel. You tail-slap Pikel, but do no damage.
The lemure hits you but does no damage.
Pikel hits you with a +2 whip of flaming!
* * * LOW HITPOINT WARNING * * *
Pikel burns you.
* * * LOW HITPOINT WARNING * * *
Unknown command.
You closely miss Pikel. Your headbutt misses Pikel.
Pikel hits you with a +2 whip of flaming!
* * * LOW HITPOINT WARNING * * *
Pikel burns you.
* * * LOW HITPOINT WARNING * * *
The lemure completely misses you.
Unknown command.
You hit Pikel but do no damage. Your headbutt misses Pikel.
You tail-slap Pikel, but do no damage.
Pikel hits you with a +2 whip of flaming.
You die...

Skill      XL: |  1  2  3  4  5 |
---------------+----------------+-----
Fighting       | 2 3 |  3.1
Unarmed Combat | 4 |  4.9
Transmutations | 3 |  3.4
Spellcasting   | 3 |  3.2
Dodging        | |  1.7

Action                     |  1- 3 |  4- 6 || total
---------------------------+-------+-------++-------
  Melee: Unarmed           |    78 |    67 ||   145
         Kick              |    11 |    19 ||    30
         Headbutt          |     8 |     7 ||    15
         Tailslap          |     8 |     5 ||    13
         Punch             |       |     4 ||     4
   Cast: Beastly Appendage |    24 |    18 ||    42
 Armour: Skin              |    28 |    19 ||    47
  Dodge: Dodged            |    48 |    27 ||    75

Levels and vault maps discovered:
D:1:      evilmike_arrival_fibonacci_small, layout_basic, minivault_19
D:2:      layout_basic, uniq_natasha
D:3:      layout_rooms, general_overflow_altar, mainiacjoe_overflow_alcove_2,
          zin_angel, kennysheep_generic_room_11
D:4:      layout_loops_cross, minmay_temple_entry_drinking_statues,
          uniq_sigmund, uniq_pikel
Temple:   cyrus_temple_forest

Notes
Turn   | Place    | Note
-------+----------+-------------------------------------------
     0 | D:1      | Sobieck the Draconian Transmuter began the quest for the
                  | Orb.
     0 | D:1      | Reached XP level 1. HP: 16/16 MP: 3/3
   200 | D:1      | Reached XP level 2. HP: 22/23 MP: 3/5
   696 | D:1      | Learned a level 2 spell: Wereblood
  1219 | D:2      | Noticed Natasha
  1229 | D:1      | Killed Natasha
  1230 | D:1      | Reached XP level 3. HP: 24/29 MP: 4/6
  1416 | D:2      | Reached skill level 2 in Fighting
  1881 | D:2      | HP: 6/29 [poisoned by a goblin]
  1886 | D:2      | HP: 2/29 [poisoned by a goblin]
  2161 | D:3      | Found a sacrificial altar of Ru.
  2215 | D:3      | Reached XP level 4. HP: 32/36 MP: 5/7
  2256 | D:3      | Found a basalt altar of Yredelemnul.
  2697 | D:3      | Found a glowing silver altar of Zin.
  2697 | D:3      | Noticed an angel
  2755 | D:4      | Reached skill level 4 in Unarmed Combat
  2830 | D:4      | Found a staircase to the Ecumenical Temple.
  2839 | Temple   | Entered the Ecumenical Temple
  3025 | D:4      | Noticed a phantom
  3040 | D:4      | Killed a phantom
  3041 | D:4      | Reached skill level 3 in Transmutations
  3041 | D:4      | Reached XP level 5. HP: 25/42 MP: 9/9
  3273 | D:4      | Reached skill level 3 in Spellcasting
  3333 | D:4      | Noticed a black bear
  3334 | D:4      | Noticed Sigmund
  3352 | D:4      | Killed a black bear
  3353 | D:4      | Reached skill level 3 in Fighting
  3353 | D:4      | Reached XP level 6. HP: 41/51 MP: 10/10
  3482 | D:4      | Noticed Pikel
  3497 | D:4      | HP: 7/51 [Pikel/+2 whip of flaming (7)]
  3498 | D:4      | Slain by Pikel

Vanquished Creatures
  A black bear (D:4)
  A phantom (D:4)
  A hound (D:4)
  A sleepcap (D:4)
  Natasha (D:1)
  An adder (D:2)
  A worm (D:2)
  2 orcs (D:3)
  9 endoplasms
  3 giant cockroaches
  7 goblins
  3 hobgoblins
  5 kobolds (D:1)
  2 quokkas
  5 ball pythons
  2 bats (D:1)
  2 frilled lizards
  5 rats
52 creatures vanquished.

Table legend:
 A = Non-vault XP
 B = Vault XP
 C = Vault XP percentage of total XP
 D = Non-vault monster count
 E = Vault monster count
 F = Vault count percentage of total count
                 A         B        C        D         E       F
            +---------+---------+-------+---------+---------+-------
      Total |     407 |      39 |   8.7 |      49 |       3 |   5.8
            +---------+---------+-------+---------+---------+-------
        D:1 |      30 |      35 |  53.8 |      19 |       1 |   5.0
        D:2 |      24 |       0 |   0.0 |       6 |       0 |   0.0
        D:3 |      21 |       4 |  16.0 |      12 |       2 |  14.3
        D:4 |     332 |       0 |   0.0 |      12 |       0 |   0.0
            +---------+---------+-------+---------+---------+-------

Skill      XL: |  1  2  3  4  5 |
---------------+----------------+-----
Fighting       | 2 3 |  3.1
Unarmed Combat | 4 |  4.9
Transmutations | 3 |  3.4
Spellcasting   | 3 |  3.2
Dodging        | |  1.7

Action                     |  1- 3 |  4- 6 || total
---------------------------+-------+-------++-------
  Melee: Unarmed           |    78 |    67 ||   145
         Kick              |    11 |    19 ||    30
         Headbutt          |     8 |     7 ||    15
         Tailslap          |     8 |     5 ||    13
         Punch             |       |     4 ||     4
   Cast: Beastly Appendage |    24 |    18 ||    42
 Armour: Skin              |    28 |    19 ||    47
  Dodge: Dodged            |    48 |    27 ||    75

Illustrated notes

Table legend:
 A = Kills in this place as a percentage of kills in the entire game.
 B = Kills by you in this place as a percentage of kills by you in the entire game.
 C = Kills by friends in this place as a percentage of kills by friends in the entire game.
 D = Other kills in this place as a percentage of other kills in the entire game.
 E = Experience gained in this place as a percentage of experience gained in the entire game.
 F = Experience gained in this place divided by the number of levels of this place that you have seen.
                   A       B       C       D       E      F
               +-------+-------+-------+-------+-------+----------------------
         Total | 100.0 | 100.0 |   N/A |   N/A | 100.0 |  89.2
       Dungeon | 100.0 | 100.0 |   N/A |   N/A | 100.0 | 111.5
               +-------+-------+-------+-------+-------+----------------------

Table legend: (Time is in decaauts)
 A = Elapsed time spent in this place.
 B = Non-inter-level travel time spent in this place.
 C = Inter-level travel time spent in this place.
 D = Time resting spent in this place.
 E = Time spent auto-exploring this place.
 F = Levels seen in this place.
 G = Mean time per level.
                   A        B        C        D        E       F      G
               +--------+--------+--------+--------+--------+-----+--------+
         Total |   3495 |   3346 |    149 |    287 |   2632 |   5 |  699.0 |
       Dungeon |   3399 |   3287 |    112 |    287 |   2581 |   4 |  849.8 |
        Temple |     95 |     58 |     37 |      0 |     51 |   1 |   95.0 |
               +--------+--------+--------+--------+--------+-----+--------+

Top non-repeatable levels by time:
     D:1: 1244 daAuts
     D:2: 802 daAuts
     D:4: 678 daAuts
     D:3: 674 daAuts
  Temple: 95 daAuts
